 Dungeon Crawl Stone Soup version 0.22.2-1-ge965b3a (webtiles) character file.

171 sagitran the Poker (level 5, 0/39 HPs)
             Began as a Demonspawn Gladiator on Mar 29, 2019.
             Killed from afar by Ijyb (10 damage)
             ... with a wand of acid (10)
             ... on level 3 of the Dungeon.
             The game lasted 00:18:30 (2177 turns).

sagitran the Poker (Demonspawn Gladiator)           Turns: 2177, Time: 00:18:32

Health: 0/39       AC:  7    Str: 14    XL:     5   Next: 26%
Magic:  5/5        EV: 13    Int:  9    God:
Gold:   102        SH:  0    Dex: 16    Spells: 4/4 levels left

rFire    + + .     SeeInvis .   h - +1 mace (crush)
rCold    . . .     Gourm    .   (no shield)
rNeg     . . .     Faith    .   b - +0 leather armour
rPois    .         Spirit   .   c - +0 helmet
rElec    .         Reflect  .   (no cloak)
rCorr    .         Harm     .   p - +0 pair of gloves
MR       .....                  (no boots)
Stlth    +.........             (no amulet)
HPRegen  0.13/turn              j - ring of protection from fire
MPRegen  0.09/turn              k - ring of protection from fire

@: no status effects
A: molten scales 1, foul stench 1, rot immunity
a: no special abilities


You were on level 3 of the Dungeon.
You were not hungry.

You visited 1 branch of the dungeon, and saw 3 of its levels.

You collected 102 gold pieces.

Inventory:

Hand Weapons
 h - a +1 mace of crushing (weapon)
 l - a +0 trident
 n - a +0 hunting sling
Missiles
 g - 49 stones (quivered)
Armour
 b - a +0 leather armour (worn)
 c - a +0 helmet (worn)
 d - a +0 robe of magic resistance
 p - a +0 pair of gloves (worn)
Jewellery
 j - a ring of protection from fire (left hand)
 k - a ring of protection from fire (right hand)
Scrolls
 a - 2 scrolls of blinking {unknown}
 e - 3 scrolls of teleportation
 i - 6 scrolls of identify {unknown}
 o - a scroll of enchant weapon {unknown}
Potions
 m - a potion of flight {unknown}
Comestibles
 f - 4 rations


   Skills:
 + Level 2.5 Fighting
 + Level 0.1 Maces & Flails
 + Level 4.0 Polearms
 + Level 0.3(1.3) Slings
 + Level 2.0(2.1) Throwing
 + Level 1.4 Armour
 + Level 3.5 Dodging
 + Level 0.7 Stealth


You had 4 spell levels left.
You didn't know any spells.
Your spell library was empty.

Dungeon Overview and Level Annotations

Branches:
Dungeon (3/15)

Altars:
Kikubaaqudgha

Annotations:
D:3 Ijyb


Innate Abilities, Weirdness & Mutations

You are partially covered in molten scales. (AC +2)
You may emit foul miasma when damaged in melee.
You are immune to rotting.


Message History

Really attack while wielding your +0 hunting sling? [Y]es or [N]o only, please.
Really attack while wielding your +0 hunting sling?
Okay, then.
Wear which item? (? for menu, Esc to quit)
Okay, then.
Wield which item (- for none, * to show all)? (? for menu, Esc to quit)
h - a +1 mace of crushing (weapon)
The frilled lizard bites you but does no damage.
Ijyb zaps a wand.
The bolt of acid hits you!
You are splashed with acid!
The acid burns!
* * * LOW HITPOINT WARNING * * *
It is a wand of acid (10).
You closely miss the frilled lizard.
Ijyb zaps a wand.
The bolt of acid hits the frilled lizard.
The frilled lizard is splashed with acid.
The acid corrodes the frilled lizard!
The frilled lizard dies!
The bolt of acid hits you!
You die...

........# ######'#######
.)......###.......%....#
.........##............#
.....).#.##.........(..#
.......#.##............#
.......#.##............#
..(...(#..#......g.....#
.......##.######†#
#########....(##@#
#.....##.#
####.....##.#######
....................
######.......#######
#..####.# #... #.# ...
#.#.# #.# ... #.#.. #.#
K.


You could see Ijyb.

Vanquished Creatures
  Natasha (thrice) (D:2)
  Terence (D:2)
  3 adders
  3 bats
  2 giant cockroaches
  6 goblins
  4 hobgoblins
  9 jackals
  8 kobolds
  A ball python (D:1)
  3 frilled lizards
  5 rats
48 creatures vanquished.

Vanquished Creatures (others)
  A frilled lizard (D:3)
1 creature vanquished.

Grand Total: 49 creatures vanquished

Notes
Turn   | Place    | Note
-------+----------+-------------------------------------------
     0 | D:1      | sagitran the Demonspawn Gladiator began the quest for the
                  | Orb.
     0 | D:1      | Reached XP level 1. HP: 16/16 MP: 1/1
   237 | D:1      | Gained mutation: You are immune to rotting. [demonic
                  | ancestry]
   237 | D:1      | Reached XP level 2. HP: 19/22 MP: 2/2
   360 | D:1      | Reached skill level 3 in Polearms
   807 | D:2      | Gained mutation: You are partially covered in molten
                  | scales. (AC +2) [demonic ancestry]
   807 | D:2      | Reached XP level 3. HP: 19/27 MP: 3/3
  1148 | D:2      | Noticed Natasha
  1151 | D:2      | Killed Natasha
  1218 | D:2      | Noticed Natasha
  1231 | D:2      | Killed Natasha
  1231 | D:2      | Reached XP level 4. HP: 22/33 MP: 4/4
  1252 | D:2      | Noticed Natasha
  1276 | D:2      | Killed Natasha
  1276 | D:2      | Reached skill level 1 in Armour
  1558 | D:2      | Noticed Terence
  1583 | D:2      | Killed Terence
  1583 | D:2      | Reached skill level 4 in Polearms
  1583 | D:2      | Gained mutation: You may emit foul miasma when damaged in
                  | melee. [demonic ancestry]
  1583 | D:2      | Reached XP level 5. HP: 20/39 MP: 5/5
  1797 | D:2      | Found an ancient bone altar of Kikubaaqudgha.
  2171 | D:3      | Noticed Ijyb
  2177 | D:3      | Killed from afar by Ijyb

Skill      XL: |  1  2  3  4 |
---------------+-------------+-----
Dodging        | 3 |  3.5
Throwing       | 2 |  2.0
Polearms       | 3 4 |  4.0
Armour         | 1 |  1.4
Fighting       | |  2.5
Maces & Flails | |  0.1
Slings         | |  0.3
Stealth        | |  0.7

Action                   |  1- 3 |  4- 6 || total
-------------------------+-------+-------++-------
Melee: Trident           |   110 |    38 ||   148
       Spear             |     7 |       ||     7
       Mace              |       |    27 ||    27
 Fire: Hunting sling     |       |    24 ||    24
Throw: Throwing net      |     2 |     1 ||     3
       Stone             |       |     7 ||     7
  Use: Scroll            |     2 |       ||     2
       Potion            |     2 |     1 ||     3
 Stab: Held in net/web   |       |     3 ||     3
  Eat: Ration            |     1 |     1 ||     2
Armor: Leather armour    |    21 |    28 ||    49
Dodge: Dodged            |    73 |    59 ||   132
